 Dungeon Crawl Stone Soup version 0.27.1-1-g398f81649c (webtiles) character file.

Game seed: 11157556893606041774

10646 speeev33 the Cleaver (level 11, 0/102 HPs)
             Began as a Hill Orc Fighter on Sept 16, 2021.
             Slain by a skeletal warrior (16 damage)
             ... on level 11 of the Dungeon.
             The game lasted 00:23:37 (12597 turns).

speeev33 the Cleaver (Hill Orc Fighter)            Turns: 12597, Time: 00:23:37

Health: 0/102      AC: 17    Str: 23    XL:     11   Next: 65%
Magic:  0/11       EV:  6    Int:  8    God:
Gold:   505        SH: 14    Dex: 16    Spells: 10/10 levels left

rFire    . . .     SeeInvis .   a - +0 war axe (venom)
rCold    . . .     Faith    .   c - +1 kite shield
rNeg     . . .     Spirit   +   i - +0 plate armour
rPois    +         Reflect  .   (no helmet)
rElec    .         Harm     .   o - +0 cloak
rCorr    .         Rampage  .   p - +0 pair of gloves
Will     .....                  (no boots)
Stlth    ..........             g - amulet of guardian spirit
HPRegen  0.27/turn              G - ring of poison resistance
MPRegen  0.12/turn              r - +6 ring of dexterity

@: no status effects
A: no striking features
a: no special abilities


You were on level 11 of the Dungeon.
You visited 2 branches of the dungeon, and saw 12 of its levels.
You also visited: Ossuary.

You collected 505 gold pieces.

Inventory:

Hand Weapons
 a - a +0 war axe of venom (weapon)
 s - a +0 flail
Missiles
 n - a throwing net (quivered)
Armour
 c - a +1 kite shield (worn)
 i - a +0 plate armour (worn)
 o - a +0 cloak (worn)
 p - a +0 pair of gloves (worn)
 q - a +0 tower shield
Jewellery
 g - an amulet of guardian spirit (around neck)
 r - a +6 ring of dexterity (right hand)
 E - an amulet of the acrobat
 G - a ring of poison resistance (left hand)
Wands
 d - a wand of flame (44)
 y - a wand of charming (7)
 D - a wand of paralysis (14)
Scrolls
 j - 2 scrolls of enchant armour
 w - a scroll of amnesia
 C - a scroll of blinking
 F - 2 scrolls of teleportation
 H - a scroll of magic mapping
Potions
 b - 2 potions of brilliance
 e - a potion of haste {unknown}
 f - 2 potions of invisibility
 h - 3 potions of attraction
 k - 7 potions of curing
 l - a potion of mutation {unknown}
 m - 2 potions of flight
 t - a potion of heal wounds
 u - 2 potions of lignification {unknown}
 v - 2 potions of resistance {unknown}
 x - a potion of cancellation {unknown}
 z - a potion of magic {unknown}
 A - 2 potions of degeneration
 B - a potion of might


   Skills:
 + Level 11.3 Fighting
 + Level 11.9 Axes
 + Level 10.4 Armour
 + Level 10.4 Shields


You had 10 spell levels left.
You didn't know any spells.
Your spell library contained the following spells:

 Spells                   Type           Power      Damage    Failure   Level
 Magic Dart               Conj           0%         1d3       100%        1
 Searing Ray              Conj           0%         3d3       100%        2
 Inner Flame              Hex/Fire       0%         N/A       100%        3
 Cause Fear               Hex            0%         N/A       100%        4
 Fulminant Prism          Conj/Hex       0%         3d6       100%        4
 Discord                  Hex            0%         N/A       100%        8


Dungeon Overview and Level Annotations

Branches:
Dungeon (11/15)            Temple (1/1) D:7         Ossuary (visited)
   Lair: D:8-11         Orc: D:9-12

Altars:
Ashenzari
Cheibriados
Dithmenos
Elyvilon
Fedhas
Gozag
Hepliaklqana
Kikubaaqudgha
Makhleb
Nemelex Xobeh
Qazlal
Ru
Sif Muna
Trog
Vehumet
Wu Jian
Xom
Yredelemnul
Zin
The Shining One

Shops:
D:2 [

Annotations:
D:9 exclusion: downstairs
D:10 exclusion: downstairs, Erolcha


Message History

You hit the skeletal warrior.
The skeletal warrior is lightly damaged.
The skeletal warrior hits you with a +0 trident!
You closely miss the skeletal warrior.
The skeletal warrior is lightly damaged.
You block the skeletal warrior's attack.
You closely miss the skeletal warrior.
The skeletal warrior is lightly damaged.
The skeletal warrior barely misses you.
You slash the skeletal warrior!
The skeletal warrior is heavily damaged.
You block the skeletal warrior's attack.
You hit the skeletal warrior but do no damage.
The skeletal warrior is heavily damaged.
You block the skeletal warrior's attack.
You hit the skeletal warrior.
The skeletal warrior is heavily damaged.
You block the skeletal warrior's attack.
You slash the skeletal warrior!
The skeletal warrior is heavily damaged.
The skeletal warrior hits you with a +0 trident!
* * * LOW HITPOINT WARNING * * *
You slash the skeletal warrior!
The skeletal warrior is almost destroyed.
The skeletal warrior hits you with a +0 trident!
* * * LOW HITPOINT WARNING * * *
You block the skeletal warrior's attack.
You block the skeletal warrior's attack.
You hit the skeletal warrior but do no damage.
The skeletal warrior is severely damaged.
The skeletal warrior hits you with a +0 trident!
* * * LOW HITPOINT WARNING * * *
You closely miss the skeletal warrior.
The skeletal warrior is severely damaged.
The skeletal warrior hits you with a +0 trident.
* * * LOW HITPOINT WARNING * * *
You slash the skeletal warrior!
The skeletal warrior is almost destroyed.
The skeletal warrior hits you with a +0 trident!!
You die...

#.## ##....# ##>## ##<###.#
############.###.## #.#
#.............#†#####.## #
#..#######........##...####.##.#
#..# #...#.##.....)[.<......
#..# ##.##.#####...####.####
#..# #.##.####...## # #..#
#.##.@.##.#.# #..#
#####>####z##.#.# #..#
#.............#.#####.# ##<#
#.######............... #.#
#.########..#.#.####### ###.#
#.#........###..# #...#
#.#.######..#.#.# #.#.#
#.............#.#
#.#.#####....####.####.#


You could see a skeletal warrior.

Vanquished Creatures
  Harold (D:10)
  A boulder beetle (D:11)
  3 two-headed ogres (D:9)
  2 unseen horrors (D:11)
  A kobold demonologist (D:9)
  2 trolls
  Grinder (D:3)
  Sigmund (D:2)
  5 yaks (D:10)
  A wraith (D:9)
  A wyvern (D:9)
  A steam dragon (D:7)
  An acid dragon (D:10)
  A water moccasin (D:6)
  6 orc warriors
  2 ice beasts (D:7)
  2 sky beasts
  A black bear (D:6)
  3 ogres
  2 centaurs
  A phantom (D:6)
  Blork the orc (D:5)
  2 kobold brigands (D:6)
  A bullfrog (D:8)
  A gnoll sergeant (D:9)
  2 scorpions
  5 water moccasin zombies
  9 killer bees
  An electric eel (D:7)
  2 howler monkeys
  3 centaur zombies
  A jelly (D:4)
  2 bullfrog skeletons (D:6)
  2 hounds
  5 orc priests
  2 centaur skeletons
  Crazy Yiuf (D:4)
  3 iron imps (D:3)
  3 iguanas
  3 orc wizards
  2 killer bee zombies (D:6)
  2 mummies (Ossuary)
  A howler monkey zombie (D:9)
  12 gnolls
  4 adders
  2 shadow imps
  4 ufetubi
  4 adder zombies (Ossuary)
  3 worms
  A dart slug (D:3)
  36 orcs
  6 ball pythons
  9 endoplasms
  3 giant cockroaches (D:4)
  A gnoll zombie (Ossuary)
  10 goblins
  7 hobgoblins
  4 quokkas
  5 bats
  3 frilled lizards
  5 hobgoblin zombies (Ossuary)
  18 kobolds
  6 kobold zombies (Ossuary)
  5 orc zombies (Ossuary)
  10 rats
251 creatures vanquished.

Vanquished Creatures (others)
  7 plants
7 creatures vanquished.

Grand Total: 258 creatures vanquished

Notes
Turn   | Place    | Note
-------+----------+-------------------------------------------
     0 | D:1      | speeev33 the Hill Orc Fighter began the quest for the Orb.
     0 | D:1      | Reached XP level 1. HP: 19/19 MP: 1/1
   330 | D:1      | Reached XP level 2. HP: 25/27 MP: 2/2
   399 | D:1      | Found a faded altar of an unknown god.
  1044 | D:2      | Noticed Sigmund
  1052 | D:2      | Killed Sigmund
  1053 | D:2      | Reached XP level 3. HP: 35/35 MP: 3/3
  1053 | D:2      | Reached XP level 4. HP: 41/41 MP: 4/4
  1053 | D:2      | Reached XP level 5. HP: 47/47 MP: 5/5
  1698 | D:2      | Found Bishi's Armour Boutique.
  1801 | D:3      | Reached skill level 5 in Fighting
  1801 | D:3      | Reached XP level 6. HP: 56/56 MP: 6/6
  2462 | D:3      | Found a burning altar of Makhleb.
  2497 | D:3      | Reached skill level 5 in Axes
  2703 | D:3      | Noticed Grinder
  2707 | D:3      | Killed Grinder
  2708 | D:3      | Reached skill level 5 in Armour
  2708 | D:3      | Reached skill level 5 in Shields
  2708 | D:3      | Reached XP level 7. HP: 58/62 MP: 7/7
  3672 | D:4      | Found a runed translucent door.
  3673 | D:4      | Noticed Crazy Yiuf
  4369 | D:4      | Killed Crazy Yiuf
  4370 | D:4      | Reached XP level 8. HP: 23/70 MP: 2/8
  4697 | D:5      | Entered Level 5 of the Dungeon
  5747 | D:5      | Noticed Blork the orc
  5751 | D:5      | Killed Blork the orc
  6088 | D:6      | Found a sand-covered staircase.
  6093 | Ossuary  | Entered an ossuary
  6195 | Ossuary  | Reached XP level 9. HP: 58/79 MP: 7/9
  7009 | D:7      | Found a staircase to the Ecumenical Temple.
  7022 | Temple   | Entered the Ecumenical Temple
  8897 | D:8      | Reached XP level 10. HP: 59/91 MP: 10/10
  9135 | D:8      | You fall into a shaft and drop 1 floor!
  9137 | D:9      | Noticed a kobold demonologist
  9147 | D:9      | Killed a kobold demonologist
  9356 | D:9      | Noticed a two-headed ogre
  9372 | D:9      | Killed a two-headed ogre
  9373 | D:9      | Reached skill level 10 in Axes
  9673 | D:9      | Found a shadowy altar of Dithmenos.
  9700 | D:9      | Noticed a two-headed ogre
  9775 | D:9      | Killed a two-headed ogre
  9776 | D:9      | Reached skill level 10 in Fighting
 10302 | D:10     | Entered Level 10 of the Dungeon
 10327 | D:10     | Noticed Erolcha
 10557 | D:10     | Noticed a two-headed ogre
 10589 | D:9      | Killed a two-headed ogre
 10783 | D:10     | Reached XP level 11. HP: 92/101 MP: 11/11
 11203 | D:10     | Noticed Harold
 11220 | D:10     | Killed Harold
 11221 | D:10     | Reached skill level 10 in Armour
 11221 | D:10     | Reached skill level 10 in Shields
 11896 | D:11     | Noticed a boulder beetle
 11915 | D:11     | Killed a boulder beetle
 12025 | D:11     | Noticed a skeletal warrior
 12597 | D:11     | Slain by a skeletal warrior

Illustrated notes

Levels and vault maps discovered:
D:1:      evilmike_arrival_grusome_pit, layout_basic,
          shapermc_ecumenical_altar_mp_urbaneastern
D:2:      layout_basic, serial_shops, shop, serial_bayou, serial_bayou_pond_d,
          serial_bayou_ford_a, serial_bayou_pond_b, serial_bayou_shore_a,
          uniq_sigmund
D:3:      wander_river, layout_basic, demons_altar, roderic_lattice_a,
          uniq_grinder
D:4:      layout_loops_ring, solitary_fountain, hangedman_abyss_or_decor_slice,
          kennysheep_boxes, uniq_crazy_yiuf_cottage
D:5:      layout_loops_corners, uniq_blork_the_orc
D:6:      layout_rooms, enter_ossuary_2
D:7:      layout_basic, minmay_temple_entry_trees, fountainhead
D:8:      layout_cave_pods, nicolae_uskayaw_dance_hall, okawaru_humans,
          minmay_lair_entry_grove, special_room [special_room_orc]
D:9:      layout_gridville, nicolae_dithmenos_the_darkroom
D:10:     layout_roguey, uniq_erolcha, uniq_harold
D:11:     minmay_distorted_concentric_squares, layout_loops_ring, orc_david_3,
          worms_lemuel
Temple:   eino_narrow_crystal_temple

Skill      XL: |  1  2  3  4  5  6  7  8  9 10 11 |
---------------+----------------------------------+-----
Axes           | 4 5 6 7 9 10 11 | 11.9
Fighting       | 4 5 6 7 9 10 11 | 11.3
Armour         | 4 5 6 8 9 10 | 10.4
Shields        | 4 5 6 8 9 10 | 10.4

Action                   |  1- 3 |  4- 6 |  7- 9 | 10-12 || total
-------------------------+-------+-------+-------+-------++-------
Melee: War axe           |    57 |   137 |   369 |   317 ||   880
Evoke: Wand              |       |       |       |    12 ||    12
  Use: Scroll            |     1 |     6 |     8 |     2 ||    17
       Potion            |     1 |       |       |       ||     1
 Stab: Paralysed         |       |       |       |     9 ||     9
Armor: Scale mail        |     2 |       |       |       ||     2
       Chain mail        |    21 |    53 |       |       ||    74
       Plate armour      |       |    12 |   204 |   168 ||   384
Dodge: Dodged            |    16 |    22 |    76 |    58 ||   172
Block: Kite shield       |    28 |    63 |   258 |   211 ||   560
